 Dungeon Crawl Stone Soup version 0.27-a0-1196-g3e9cee4cb2 (webtiles) character file.

Game seed: 588073289125591458

127 bande the Shield-Bearer (level 5, 0/33 HPs)
             Began as a Gargoyle Fighter on May 29, 2021.
             Killed by divine providence
             ... invoked by an orc priest
              (10 damage)
             ... on level 2 of the Dungeon.
             The game lasted 00:02:29 (1998 turns).

bande the Shield-Bearer (Gargoyle Fighter)          Turns: 1998, Time: 00:02:30

Health: 0/33       AC: 11    Str: 20    XL:     5   Next: 11%
Magic:  5/5        EV:  7    Int:  8    God:
Gold:   59         SH:  9    Dex: 10    Spells: 4/4 levels left

rFire    . . .     SeeInvis .   a - +0 war axe
rCold    . . .     Faith    .   c - +0 kite shield
rNeg     + . .     Spirit   .   b - +0 scale mail
rPois    ∞         Reflect  .   (no helmet)
rElec    +         Harm     .   (no cloak)
rCorr    .         Rampage  .   (no gloves)
Will     .....                  (no boots)
Stlth    ..........             (no amulet)
HPRegen  0.11/turn              (no ring)
MPRegen  0.09/turn              (no ring)

@: no status effects
A: sickness immunity, AC +4, negative energy resistance 1, electricity
resistance, torment resistance 1, petrification resistance
a: no special abilities


You were on level 2 of the Dungeon.
You visited 1 branch of the dungeon, and saw 2 of its levels.

You collected 59 gold pieces.

Inventory:

Hand Weapons
 a - a +0 war axe (weapon)
Armour
 b - a +0 scale mail (worn)
 c - a +0 kite shield (worn)
Potions
 d - a potion of might
 h - a potion of heal wounds {unknown}
 i - a potion of invisibility {unknown}


   Skills:
 + Level 3.7 Fighting
 + Level 3.0 Axes
 + Level 3.7 Armour
 + Level 1.1 Dodging
 - Level 0.5 Stealth
 + Level 4.2 Shields


You had 4 spell levels left.
You didn't know any spells.
Your spell library was empty.

Dungeon Overview and Level Annotations

Branches:
Dungeon (2/15)

Altars:


Innate Abilities, Weirdness & Mutations

You are immune to sickness and miasma.
Your stone body is resilient. (AC +4)
You are immune to poison.
You resist negative energy. (rN+)
You are resistant to electric shocks. (rElec)
You are resistant to unholy torment.
You are immune to petrification.


Message History

The gnoll barely misses you. You block the gnoll's attack.
You see here a +0 whip.
The gnoll hits you but does no damage. x2
You hit the gnoll.
The gnoll is heavily wounded.
You hit the gnoll but do no damage. You block the gnoll's attack.
The gnoll hits you with a +0 whip.
You closely miss the gnoll.
The gnoll is heavily wounded.
You closely miss the gnoll.
An orc wizard comes into view. It is wielding a +0 dagger.
The gnoll hits you with a +0 flail. You block the gnoll's attack.
The gnoll hits you with a +0 flail.
An orc comes into view. It is wielding a +0 dagger.
You block the gnoll's attack.
The orc wizard shouts!
The orc shouts!
You hit the gnoll.
The gnoll is almost dead.
You hit the gnoll.
The orc wizard casts a spell at itself.
The orc wizard flickers and vanishes!
Deactivating autopickup; reactivate with Ctrl-A.
The gnoll barely misses you. The gnoll hits you with a +0 whip.
* * * LOW HITPOINT WARNING * * *
An orc priest comes into view. It is wielding a +0 short sword.
The gnoll hits you with a +0 flail.
* * * LOW HITPOINT WARNING * * *
You hit the gnoll.
You kill the gnoll!
You hit the gnoll but do no damage.
A hobgoblin comes into view.
The gnoll hits you with a +0 flail.
* * * LOW HITPOINT WARNING * * *
Your Axes skill increases to level 3!
It was a potion of curing.
You feel better.
The hobgoblin shouts!
You block the gnoll's attack.
The orc priest mumbles some strange prayers to Beogh against you.
Beogh smites you!
You die...

##.# .#####.. #...#
........ ###)..###
.#####.. #.......# #..
.#.g.....# #..
....o.[..#############..
#....................
#.og.###############.
###)@# #. #.)# ## #..#
#..# #... #..## #...
#.## ###


You could see an orc priest, a gnoll, an orc and a hobgoblin.

Vanquished Creatures
  2 adders (D:2)
  6 gnolls
  A dart slug (D:1)
  A ball python (D:2)
  6 bats
  5 endoplasms
  A giant cockroach (D:1)
  2 goblins
  3 hobgoblins
  9 jackals
  4 quokkas (D:1)
  4 frilled lizards (D:1)
  3 kobolds
  A rat (D:1)
48 creatures vanquished.

Notes
Turn   | Place    | Note
-------+----------+-------------------------------------------
     0 | D:1      | bande the Gargoyle Fighter began the quest for the Orb.
     0 | D:1      | Reached XP level 1. HP: 14/14 MP: 1/1
   216 | D:1      | Reached XP level 2. HP: 19/19 MP: 2/2
   656 | D:1      | Found a faded altar of an unknown god.
   718 | D:1      | Reached XP level 3. HP: 15/23 MP: 3/3
  1198 | D:1      | Reached skill level 4 in Shields
  1198 | D:1      | Reached XP level 4. HP: 17/28 MP: 4/4
  1637 | D:2      | Reached skill level 1 in Dodging
  1992 | D:2      | Reached XP level 5. HP: 26/33 MP: 5/5
  1998 | D:2      | Killed from afar by an orc priest

Illustrated notes

Levels and vault maps discovered:
D:1:      mrwooster_arrival_statue, layout_rooms,
          hellmonk_ecumenical_altar_run_dry
D:2:      layout_loops_ring, uniq_natasha

Skill      XL: |  1  2  3  4  5 |
---------------+----------------+-----
Axes           | 2 3 |  3.0
Shields        | 4 |  4.2
Dodging        | 1 |  1.1
Fighting       | |  3.7
Armour         | |  3.7
Stealth        | |  0.5

Action                   |  1- 3 |  4- 6 || total
-------------------------+-------+-------++-------
Melee: War axe           |   117 |    41 ||   158
  Use: Scroll            |       |     3 ||     3
       Potion            |       |     1 ||     1
Armor: Scale mail        |   108 |    21 ||   129
Dodge: Dodged            |    56 |    16 ||    72
Block: Kite shield       |    80 |    26 ||   106

Table legend: (Time is in decaauts)
 A = Elapsed time spent in this place.
 B = Non-inter-level travel time spent in this place.
 C = Inter-level travel time spent in this place.
 D = Time resting spent in this place.
 E = Time spent auto-exploring this place.
 F = Levels seen in this place.
 G = Mean time per level.
                   A        B        C        D        E       F      G
               +--------+--------+--------+--------+--------+-----+--------+
         Total |   2098 |   2098 |      0 |    552 |   1101 |   2 | 1049.0 |
       Dungeon |   2098 |   2098 |      0 |    552 |   1101 |   2 | 1049.0 |
               +--------+--------+--------+--------+--------+-----+--------+

Top non-repeatable levels by time:
     D:1: 1629 daAuts
     D:2: 468 daAuts
